AoeStats
← Huitzilopochtli

Lombardia

509263582Analyzed
4v4 RM · 7d ago on Sep 26, 2026· 94m 41s· 8 players
Game mode
Random Map
Map size
Large (8 player)
Population
200
Speed
Normal
Resources
Standard
Victory
Conquest
Starting age
Dark Age
Ending age
Imperial Age
RankedLock teamsTeams togetherTeam positionsShared explorationLock speedFull tech treeHidden civsTurbo modeCheats
Victory
Defeat
🇺🇸 Italians · United States
806
+15
🇨🇦 Gurjaras · Canada
782
+16
🇺🇸 Lithuanians · United States
759
+17
🇺🇸 Spanish · United States
742
+18
🇵🇪 Franks · Peru
825
-18
🇪🇨 Maya · Ecuador
785
-17
🇦🇷 Bohemians · Argentina
774
-16
739
-15
Huitzilopochtli
13:22 Feudal Age
13:46 Feudal Age
16:39 Loom
19:10 Wheelbarrow
18:24 Double-Bit Axe
18:23 Horse Collar
22:47 Forging
22:38 Scale Mail Armor
22:44 Scale Barding Armor
23:46 Gold Mining
26:04 Castle Age
27:00 Caravan
28:22 Bow Saw
29:38 Hand Cart
29:09 Town Watch
30:54 Iron Casting
30:34 Chain Mail Armor
30:40 Chain Barding Armor
30:16 Fletching
30:26 Padded Archer Armor
30:21 Stone Mining
32:13 Stone Shaft Mining
33:20 Coinage
35:20 Town Patrol
36:57 Murder Holes
37:12 Fortified Wall
40:23 Heavy Plow
40:26 Man-at-Arms
40:26 Pikeman
41:07 Squires
40:53 Arson
41:39 Long Swordsman
44:09 Bodkin Arrow
44:29 Leather Archer Armor
44:26 Masonry
43:56 Treadmill Crane
44:06 Heated Shot
44:37 Ballistics
48:00 Imperial Age
48:08 Imperial Age
45:54 Husbandry
46:04 Bloodlines
46:23 Hill Forts
48:27 Cavalier
49:59 Hoardings
49:48 Conscription
49:29 Tower Shields
49:05 Two-Handed Swordsman
49:19 Elite Skirmisher
50:05 Thumb Ring
50:06 Bracer
51:02 Paladin
52:35 Banking
52:15 Guilds
51:39 Crossbowman
57:09 Halberdier
57:10 Two-Handed Swordsman
61:43 Elite Leitis
71:11 Two-Man Saw
70:50 Crop Rotation
72:23 Champion
80:26 Plate Barding Armor
80:22 Ring Archer Armor
88:17 Capped Ram
88:18 Onager
94:48 Architecture
95:22 Chemistry
94:13 Guard Tower
Psychedeliccommunist
11:52 Feudal Age
18:10 Double-Bit Axe
18:15 Horse Collar
22:35 Castle Age
21:11 Gold Mining
21:43 Scale Barding Armor
22:46 Wheelbarrow
22:36 Stone Mining
25:36 Stone Shaft Mining
25:20 Bow Saw
26:10 Heavy Plow
28:01 Chain Barding Armor
32:40 Imperial Age
31:02 Hand Cart
36:49 Caravan
38:10 Elite Conquistador
44:32 Chemistry
43:54 Ballistics
43:45 Masonry
47:40 Architecture
47:10 Murder Holes
48:16 Plate Barding Armor
47:52 Forging
47:48 Scale Mail Armor
52:41 Iron Casting
52:24 Chain Mail Armor
51:59 Fletching
52:10 Padded Archer Armor
55:24 Fortified Wall
57:03 Squires
57:06 Husbandry
57:17 Bloodlines
57:02 Gambesons
57:30 Bodkin Arrow
58:35 Blast Furnace
58:10 Plate Mail Armor
57:56 Leather Archer Armor
69:25 Guard Tower
69:21 Arrowslits
69:57 Bombard Tower
69:40 Bracer
70:11 Ring Archer Armor
72:41 Onager
91:49 Two-Man Saw
Big Matthew
12:04 Feudal Age
14:34 Loom
17:51 Castle Age
17:11 Horse Collar
17:19 Double-Bit Axe
18:34 Forging
20:43 Stone Mining
22:04 Bow Saw
23:12 Scale Barding Armor
23:46 Husbandry
26:08 Wheelbarrow
25:46 Town Watch
31:25 Imperial Age
29:56 Silk Road
30:26 Caravan
31:42 Squires
33:48 Iron Casting
33:36 Hand Cart
33:23 Heavy Plow
33:38 Treadmill Crane
34:09 Fortified Wall
33:55 Murder Holes
34:10 Masonry
34:21 Ballistics
35:05 Chemistry
35:39 Conscription
37:39 Two-Man Saw
38:13 Gold Mining
38:59 Stone Shaft Mining
43:57 Architecture
43:18 Heated Shot
44:18 Thumb Ring
46:05 Pirotechnia
46:31 Hoardings
45:19 Elite Genoese Crossbowman
46:21 Ballistics
45:39 Elite Skirmisher
46:24 Pikeman
51:10 Hoardings
52:14 Cavalier
52:15 Light Cavalry
53:05 Bloodlines
56:35 Blast Furnace
55:35 Scale Mail Armor
56:49 Arson
56:25 Man-at-Arms
56:27 Onager
57:30 Chain Barding Armor
57:11 Padded Archer Armor
57:02 Fletching
58:42 Chain Mail Armor
59:06 Plate Barding Armor
59:11 Long Swordsman
60:45 Two-Handed Swordsman
61:13 Hussar
69:56 Coinage
79:19 Chain Mail Armor
79:20 Leather Archer Armor
79:01 Bodkin Arrow
82:15 Ring Archer Armor
81:46 Bracer
82:17 Plate Mail Armor
82:42 Champion
90:05 Town Patrol
oopygoopy67
4:57 Loom
11:08 Feudal Age
12:17 Town Watch
15:23 Castle Age
14:50 Bloodlines
17:51 Husbandry
19:21 Double-Bit Axe
19:20 Horse Collar
21:21 Forging
21:51 Gold Mining
21:51 Stone Mining
24:28 Wheelbarrow
26:26 Stone Mining
30:25 Bow Saw
35:08 Imperial Age
35:30 Iron Casting
35:17 Heavy Plow
36:51 Crop Rotation
39:37 Conscription
39:53 Hoardings
41:55 Kshatriyas
41:38 Elite Shrivamsha Rider
45:29 Scale Barding Armor
45:57 Town Patrol
46:16 Hand Cart
46:23 Hand Cart
47:39 Stone Shaft Mining
47:40 Gold Shaft Mining
48:07 Chemistry
47:03 Murder Holes
46:54 Treadmill Crane
47:57 Heavy Camel Rider
47:58 Light Cavalry
49:06 Hussar
52:02 Caravan
55:26 Chain Barding Armor
55:29 Ballistics
67:47 Elite Elephant Archer
68:37 Siege Elephant
71:00 Plate Barding Armor
70:17 Fletching
70:28 Padded Archer Armor
70:28 Scale Mail Armor
70:41 Masonry
70:43 Fortified Wall
M. M. Hombre Metrico Decimal
11:37 Feudal Age
12:11 Double-Bit Axe
12:30 Stone Mining
19:44 Castle Age
17:31 Horse Collar
20:06 Pikeman
23:58 Caravan
25:20 Bow Saw
28:10 Heavy Plow
33:12 Imperial Age
31:06 Fortified Wall
31:23 Squires
31:27 Padded Archer Armor
32:06 Wheelbarrow
31:17 Town Watch
31:18 Loom
33:08 Town Patrol
33:24 Hand Cart
35:01 Chemistry
36:02 Conscription
37:25 Silk Road
38:09 Sanctity
38:42 Crossbowman
39:27 Thumb Ring
39:25 Elite Skirmisher
41:13 Fletching
41:38 Leather Archer Armor
42:06 Fervor
41:56 Elite Genoese Crossbowman
44:17 Two-Man Saw
45:15 Pirotechnia
46:55 Bodkin Arrow
49:24 Block Printing
51:26 Hoardings
51:45 Guilds
53:49 Ballistics
53:43 Masonry
55:58 Bracer
56:28 Ring Archer Armor
58:18 Illumination
63:34 Forging
63:25 Scale Mail Armor
72:49 Iron Casting
72:29 Chain Mail Armor
73:27 Redemption
83:47 Husbandry
83:58 Bloodlines
83:09 Light Cavalry
85:47 Hussar
dennysvalencia
0:28 Loom
12:42 Feudal Age
13:17 Double-Bit Axe
14:01 Horse Collar
21:23 Castle Age
21:49 Forging
21:32 Eagle Warrior
23:41 Elite Skirmisher
27:22 Bow Saw
31:13 Fletching
33:29 Heavy Plow
35:06 Wheelbarrow
34:22 Town Watch
37:26 Imperial Age
36:24 Hul'che Javelineers
36:38 Arson
37:13 Pikeman
38:13 Capped Ram
39:41 Iron Casting
39:06 Scale Mail Armor
40:09 Squires
41:03 Ballistics
43:29 Chemistry
43:05 Conscription
43:04 Gold Mining
43:04 Stone Mining
44:35 Blast Furnace
43:36 Padded Archer Armor
44:31 Bodkin Arrow
45:40 Elite Eagle Warrior
46:10 Crossbowman
48:40 Holcans
48:52 Thumb Ring
51:38 Two-Man Saw
50:27 Siege Ram
53:13 Halberdier
56:10 Arbalester
57:45 Caravan
58:56 Leather Archer Armor
58:57 Chain Mail Armor
67:39 Crop Rotation
68:46 Hand Cart
72:25 Plate Mail Armor
74:06 Man-at-Arms
76:50 Hand Cart
76:30 Long Swordsman
80:09 Bracer
84:06 Ring Archer Armor
jonathan_penia
3:23 Loom
12:26 Feudal Age
15:43 Double-Bit Axe
19:27 Castle Age
23:35 Pikeman
28:27 Gold Mining
35:30 Imperial Age
36:06 Stone Mining
37:11 Forging
37:08 Scale Barding Armor
37:53 Murder Holes
38:59 Chemistry
41:40 Caravan
43:13 Bow Saw
43:26 Cavalier
47:43 Sanctity
47:34 Fervor
46:58 Halberdier
48:48 Fortified Wall
48:59 Ballistics
49:24 Iron Casting
49:10 Chain Barding Armor
50:38 Paladin
53:15 Blast Furnace
52:51 Plate Barding Armor
53:58 Wheelbarrow
53:09 Town Watch
53:12 Gambesons
53:28 Squires
53:14 Arson
57:16 Scale Mail Armor
57:48 Hand Cart
57:34 Town Patrol
67:18 Hoardings
68:46 Man-at-Arms
73:19 Chivalry
72:41 Elite Throwing Axeman
84:48 Light Cavalry
85:33 Husbandry
85:40 Fletching
85:50 Padded Archer Armor
86:07 Chain Mail Armor
86:27 Elite Skirmisher
ALDY
1:31 Loom
12:23 Feudal Age
12:48 Horse Collar
22:12 Castle Age
20:46 Double-Bit Axe
23:46 Heavy Plow
24:02 Bow Saw
32:08 Scale Mail Armor
32:19 Forging
33:04 Ballistics
35:46 Chain Mail Armor
36:07 Iron Casting
38:26 Wheelbarrow
38:04 Town Watch
39:25 Hand Cart
39:26 Town Patrol
42:26 Imperial Age
41:36 Wagenburg Tactics
41:32 Fletching
42:47 Chemistry
42:48 Elite Hussite Wagon
44:21 Plate Mail Armor
44:52 Blast Furnace
44:34 Conscription
55:38 Murder Holes
56:58 Pikeman
57:41 Squires
59:00 Houfnice
60:45 Halberdier
62:42 Padded Archer Armor
62:38 Bodkin Arrow
63:58 Caravan
66:38 Sanctity
66:34 Fervor
80:39 Leather Archer Armor
Connection lost

Rejoining the realm…

Still unreachable

The connection could not be restored.

Session expired

The server has moved on; the page needs a fresh start.